 Dungeon Crawl Stone Soup version 0.17-a0-1567-gdd419b1 (webtiles) character file.

322 puphime the Chopper (level 6, -3/52 HPs)
             Began as a Human Chaos Knight on July 22, 2015.
             Slain by noobfaggot's ghost (7 damage)
             ... on level 4 of the Dungeon.
             The game lasted 00:17:14 (3653 turns).

puphime the Chopper (Human Chaos Knight)            Turns: 3653, Time: 00:17:14

Health: -3/52      AC:  6    Str: 12 (14) XL:     6   Next: 76%
Magic:  6/6        EV: 12    Int:  9 (12) God:    Xom [..*...]
Gold:   208        SH:  0    Dex: 12 (13) Spells: 0 memorised, 5 levels left

rFire  . . .     SeeInvis .     a - +1 hand axe (chaos)
rCold  . . .     Clarity  .     b - +2 leather armour
rNeg   . . .     SustAt   .     (no shield)
rPois  .         Gourm    .     f - +0 helmet
rElec  .         Spirit   .     (no cloak)
rCorr  .         Warding  .     (no gloves)
rMut   .         Stasis   .     (no boots)
MR     .....                    (no amulet)
Stlth  +.........               (no ring)
                                (no ring)

@: not resistant to hostile enchantments, very unstealthy
A: deterioration 1, robust 1, slow healing 1, MP-powered wands
a: Renounce Religion


You were on level 4 of the Dungeon.
You worshipped Xom.
You were a toy of Xom.
You were not hungry.

You visited 1 branch of the dungeon, and saw 4 of its levels.
You also visited: Sewer.

You collected 208 gold pieces.

Inventory:

Hand weapons
 a - a +1 hand axe of chaos (weapon)
 k - a +0 hunting sling
Missiles
 e - 2 silver javelins (quivered)
 i - 8 javelins
 l - 5 exploding sling bullets
Armour
 b - a +2 leather armour (worn)
 f - a +0 helmet (worn)
Magical devices
 o - a wand of digging (18)
 p - a wand of enslavement (19)
Scrolls
 g - 5 scrolls of magic mapping
 h - 2 scrolls of recharging
 n - a scroll of remove curse
 s - a scroll of enchant weapon
 t - 3 scrolls of teleportation
 u - a scroll of fog {unknown}
Potions
 v - a potion of haste
 w - a potion of cancellation
Comestibles
 c - 6 bread rations
 d - a royal jelly
 m - a slice of pizza
 q - 4 fruits
 r - a meat ration
 x - a beef jerky


   Skills:
 + Level 4.2 Fighting
 + Level 4.4 Axes
 + Level 1.0 Throwing
 + Level 3.0 Armour
 + Level 3.2 Dodging
 + Level 1.4 Stealth


You had 5 spell levels left.
You didn't know any spells.

Dungeon Overview and Level Annotations

Branches:
Dungeon (4/15)
 Temple: D:4-7

Altars:

Annotations:
D:4 noobfaggot's ghost, average MiBe


Innate Abilities, Weirdness & Mutations

Your body sometimes deteriorates upon taking damage.
You are robust (+10% HP).
You heal slowly when monsters are visible.
You expend magic power (3 MP) to strengthen your wands.


Message History

The giant cockroach is poisoned.
The giant cockroach is heavily wounded.
You kill the giant cockroach!
You hit something but do no damage. You barely miss something.
Something hits you.
You completely miss something. Something hits you.
Your body deteriorates!
You feel weakened.
You hit something but do no damage. Something hits you.
You barely miss something. Something hits you.
You hit something. Something hits you! Something hits you!
You barely miss something. Something hits you.
* * * LOW HITPOINT WARNING * * *
Drink which item? (? for menu, Esc to quit)
You feel better. Something hits you.
You miss something. Something hits you.
* * * LOW HITPOINT WARNING * * *
You hit something. Something hits you!
* * * LOW HITPOINT WARNING * * *
You hit something. Something hits you!
You die...

#######
##....<##
#.......#
#.......#
#.$.....#
#...†...#
#.@...<.#
#{......#
#........#
...........#
......#.....##
.....##.#####
..... ..#
....# .## ...#
.


There were no monsters in sight!

Vanquished Creatures
  The ghost of Illaniel the Charmwright, an average HESk (D:3)
  An orc wizard (D:3)
  Jessica (D:2)
  2 worker ants (D:3)
  5 adders
  An ooze (D:3)
  2 worms (D:2)
  4 orcs (D:3)
  4 ball pythons
  4 bats
  5 giant cockroaches
  11 goblins
  5 hobgoblins
  13 jackals
  13 kobolds
  A quokka (D:2)
  8 giant newts
  A jackal (shapeshifter) (D:1)
  9 rats
  6 plants (Sewer)
97 creatures vanquished.

Vanquished Creatures (others)
  A plant (Sewer)
1 creature vanquished.

Grand Total: 98 creatures vanquished

Notes
Turn   | Place    | Note
--------------------------------------------------------------
     0 | D:1      | puphime the Human Chaos Knight began the quest for the Orb.
     0 | D:1      | Reached XP level 1. HP: 18/18 MP: 1/1
    46 | D:1      | Reached XP level 2. HP: 12/24 MP: 2/2
    46 | D:1      | XOM: divination: magic mapping
   198 | D:1      | XOM: divination: magic mapping
   213 | D:1      | XOM: harmless Fire miscast
   257 | D:1      | Gained mutation: You expend magic power (3 MP) to strengthen your wands. [mutagenic meat]
   258 | D:1      | Gained mutation: You evolve. [mutagenic meat]
   259 | D:1      | Gained mutation: You are robust (+10% HP). [mutagenic meat]
   260 | D:1      | Gained mutation: Your body sometimes deteriorates upon taking damage. [mutagenic meat]
   299 | D:1      | XOM: divination: detect creatures
   344 | D:1      | XOM: harmless Conj miscast
   372 | D:1      | XOM: smoke on damage
   375 | D:1      | Reached XP level 3. HP: 20/31 MP: 3/3
   717 | D:1      | XOM: harmless Divn miscast
   782 | D:1      | XOM: colour smoke trail
   981 | D:2      | XOM: butterfly on damage
  1245 | D:2      | Noticed Jessica
  1263 | D:2      | XOM: noise
  1272 | D:2      | Reached XP level 4. HP: 8/39 MP: 4/4
  1272 | D:2      | XOM: confuse monster(s)
  1284 | D:2      | Killed Jessica
  1284 | D:2      | Reached skill level 1 in Stealth
  1312 | D:2      | XOM: 1-stop teleportation journey
  1716 | D:2      | XOM: medium Chrm miscast
  1966 | D:2      | Reached XP level 5. HP: 43/46 MP: 5/5
  2024 | D:2      | XOM: god gift: 21 stones
  2131 | D:3      | XOM: noise
  2195 | D:3      | Noticed Illaniel's ghost (average HESk)
  2196 | D:3      | XOM: confuse monster(s)
  2207 | D:3      | Killed Illaniel's ghost
  2207 | D:3      | Reached skill level 4 in Fighting
  2350 | D:3      | XOM: severe Pois miscast
  2364 | D:3      | Reached XP level 6. HP: 49/52 MP: 6/6
  2479 | D:3      | Reached skill level 1 in Throwing
  2661 | D:3      | Found a glowing drain.
  2669 | Sewer    | Entered a sewer
  2798 | Sewer    | XOM: mild Necr miscast
  2813 | Sewer    | XOM: enchant monster (bad)
  3163 | Sewer    | XOM: give mutations
  3163 | Sewer    | Lost mutation: You evolve. [Xom's mischief]
  3163 | Sewer    | Gained mutation: You heal slowly when monsters are visible. [Xom's mischief]
  3215 | Sewer    | XOM: cast spell 'Statue Form'
  3472 | D:3      | XOM: divination: detect creatures
  3624 | D:4      | Noticed noobfaggot's ghost (average MiBe)
  3627 | D:4      | XOM: confuse monster(s)
  3653 | D:4      | Slain by noobfaggot's ghost

Vault maps used:
D:1:      enne_arrival_octagon_isle
D:2:      first_bread, uniq_jessica
D:3:      gup_sewer_entry_bowl, hex_tiny
D:4:      temple_fountains, serial_park_tiny_1, cheibriados_altar_wand_db,
          uniq_pikel
Sewer:    sewer_co_scattered_pipes

Action                   |  1- 3 |  4- 6 || total
-------------------------+-------+-------++-------
Melee: Hand axe          |   147 |   291 ||   438
Throw: Javelin           |       |     8 ||     8
  Use: Potion            |     6 |     3 ||     9
       Scroll            |     2 |     5 ||     7
 Stab: Paralysed         |     5 |       ||     5
       Confused          |       |     2 ||     2
  Eat: Chunk             |     5 |     9 ||    14
